 Dungeon Crawl Stone Soup version 0.26.1-2-gb8aa6d0cf2 (webtiles) character file.

Game seed: 6017549774510406766

93 iforgotmypw the Magician (level 4, 5/32 HPs)
             Began as a Human Hedge Wizard on Mar 13, 2021.
             Quit the game on level 3 of the Dungeon on Mar 16, 2021.
             The game lasted 00:14:22 (2831 turns).

iforgotmypw the Magician (Human Hedge Wizard)       Turns: 2831, Time: 00:14:22

Health: 5/32       AC:  2    Str: 11    XL:     4   Next: 91%
Magic:  4/8        EV: 12    Int: 15    God:
Gold:   107        SH:  0    Dex: 12    Spells: 1/9 levels left

rFire    . . .     SeeInvis .   a - +0 dagger
rCold    . . .     Faith    .   (no shield)
rNeg     . . .     Spirit   .   b - +0 robe
rPois    .         Reflect  .   c - +0 hat
rElec    .         Harm     .   (no cloak)
rCorr    .         Rampage  .   (no gloves)
Will     .....                  (no boots)
Stlth    +.........             (no amulet)
HPRegen  0.10/turn              e - ring of attention (curse)
MPRegen  0.11/turn              (no ring)

@: no status effects
A: no striking features
a: no special abilities


You were on level 3 of the Dungeon.
You visited 1 branch of the dungeon, and saw 3 of its levels.

You collected 107 gold pieces.

Inventory:

Hand Weapons
 a - a +0 dagger (weapon)
Missiles
 f - 11 poisoned darts (quivered)
Armour
 b - a +0 robe (worn)
 c - a +0 hat (worn)
Jewellery
 e - a cursed ring of attention (left hand)
Scrolls
 d - 2 scrolls of remove curse {unknown}
 g - 3 scrolls of identify {unknown}
 h - a scroll of teleportation {unknown}
 i - 2 scrolls of enchant weapon {unknown}
 j - a scroll of magic mapping {unknown}
 l - a scroll of blinking {unknown}
Potions
 k - a potion of curing {unknown}
 m - a potion of flight {unknown}


   Skills:
 - Level 1.3 Fighting
 - Level 2.0 Dodging
 - Level 2.0 Stealth
 - Level 3.0 Spellcasting
 - Level 2.3 Conjurations
 - Level 1.0 Summonings
 - Level 1.0 Translocations
 + Level 1.9 Air Magic
 + Level 1.9 Poison Magic


You had one spell level left.
You knew the following spells:

 Your Spells              Type           Power        Failure   Level
a - Magic Dart            Conj           36%          8%          1
b - Blink                 Tloc           N/A          21%         2
c - Call Imp              Summ           5%           21%         2
d - Mephitic Cloud        Conj/Pois/Air  8%           26%         3

Your spell library contained the following spells:

 Spells                   Type           Power        Failure   Level
 Slow                     Hex            2%           30%         2
 Conjure Flame            Conj/Fire      5%           36%         3


Dungeon Overview and Level Annotations

Branches:
Dungeon (3/15)

Altars:
Elyvilon
Ru
Trog


Message History

Press: ? - help, Shift-Dir - straight line, f - orc priest
Aim: an orc priest, wielding a +0 morningstar and wearing a +0 leather armour (0% to evade)
The magic dart hits the orc priest but does no damage.
Casting: Magic Dart (safe; 8% risk of failure)
Confirm with . or Enter, or press ? or * to list all spells.
Aiming: Magic Dart (safe; 8% risk of failure)
Press: ? - help, Shift-Dir - straight line, f/p - orc priest
Aim: an orc priest, wielding a +0 morningstar and wearing a +0 leather armour (0% to evade)
Okay, then.
A giant cockroach comes into view.
The orc priest invokes the aid of Beogh against you.
Beogh smites you! The giant cockroach barely misses you.
You completely miss the giant cockroach.
The orc priest mumbles some strange prayers to Beogh against you.
Beogh smites you!
* * * LOW HITPOINT WARNING * * *
The giant cockroach bites you but does no damage.
Unknown command.
Are you sure you want to abandon this character and quit the game? (Confirm with "yes".)

#.#.)..#.######
#.#(..o#.#
#.#....#.#
#.#(...#.#
##.#.####.# .....#
#..
.....#############
........)o†......#
.....###########@#
.....# #B# .....#
#.# ##.### #.# #.#
..# #.# ### #.#
#.# #.#


You could see an orc priest and a giant cockroach.

Vanquished Creatures
  3 adders
  2 worms (D:3)
  A dart slug (D:3)
  A leopard gecko (D:1)
  2 orcs (D:3)
  4 giant cockroaches
  6 goblins
  8 hobgoblins
  9 kobolds
  A quokka (D:2)
  2 ball pythons (D:2)
  5 bats
  4 frilled lizards
  8 rats
56 creatures vanquished.

Notes
Turn   | Place    | Note
-------+----------+-------------------------------------------
     0 | D:1      | iforgotmypw the Human Hedge Wizard began the quest for the
                  | Orb.
     0 | D:1      | Reached XP level 1. HP: 13/13 MP: 4/4
   242 | D:1      | Reached XP level 2. HP: 20/20 MP: 3/6
   308 | D:1      | Reached skill level 1 in Fighting
   486 | D:1      | Learned a level 2 spell: Blink
   489 | D:1      | Learned a level 2 spell: Call Imp
   843 | D:1      | Reached XP level 3. HP: 16/26 MP: 1/7
  1159 | D:1      | Learned a level 3 spell: Mephitic Cloud
  1490 | D:2      | Reached skill level 1 in Air Magic
  1556 | D:2      | Reached skill level 1 in Poison Magic
  1621 | D:2      | Reached XP level 4. HP: 30/32 MP: 1/8
  1925 | D:2      | Found a white marble altar of Elyvilon.
  1925 | D:2      | Found a bloodstained altar of Trog.
  1926 | D:2      | Found a sacrificial altar of Ru.
  2831 | D:3      | Quit the game

Illustrated notes

Levels and vault maps discovered:
D:1:      heliophobic_arrival_henge, layout_loops_cross
D:2:      layout_rooms, gammafunk_temple_overflow_forgotten
D:3:      layout_basic

Skill      XL: |  1  2  3 |
---------------+----------+-----
Fighting       | 1 |  1.3
Conjurations   | 2 |  2.3
Air Magic      | 1 |  1.9
Poison Magic   | 1 |  1.9
Dodging        | |  2.0
Stealth        | |  2.0
Spellcasting   | |  3.0
Summonings     | |  1.0
Translocations | |  1.0

Action                   |  1- 3 |  4- 6 || total
-------------------------+-------+-------++-------
Melee: Dagger            |    39 |    14 ||    53
Throw: Dart              |       |    16 ||    16
 Cast: Magic Dart        |    74 |    58 ||   132
Armor: Robe              |     8 |     6 ||    14
Dodge: Dodged            |    27 |    16 ||    43
